 Dungeon Crawl Stone Soup version 0.29.0-15-g675c0067aa (webtiles) character file.

Game seed: 10341320099290402951

0 qw the Sneak (level 1, -1/14 HPs)
             Began as a Gargoyle Delver on Sept 11, 2022.
             Killed from afar by Sigmund (5 damage)
             ... with a puff of flame
             ... on level 2 of the Dungeon.
             The game lasted 00:00:06 (424 turns).

qw the Sneak (Gargoyle Delver)                       Turns: 424, Time: 00:00:06

Health: -1/14      AC:  7    Str: 15    XL:     1   Next: 10%
Magic:  1/1        EV: 10    Int: 10    God:
Gold:   18         SH:  0    Dex: 11    Spells: 0/0 levels left

rFire   . . .      SeeInvis .   Y - +0 hand axe
rCold   . . .      Faith    .   (no shield)
rNeg    + . .      Spirit   .   d - +0 ring mail
rPois   inf        Reflect  .   (no helmet)
rElec   +          Harm     .   (no cloak)
rCorr   .          Rampage  .   (no gloves)
Will    .....                   (no boots)
Stlth   ++........              (no amulet)
HPRegen 0.04/turn               (no ring)
MPRegen 0.07/turn               (no ring)

@: no status effects
A: sickness immunity, AC +2, negative energy resistance 1, electricity
resistance, torment resistance 1, petrification resistance
a: no special abilities


You were on level 2 of the Dungeon.
You visited 1 branch of the dungeon, and saw 4 of its levels.

You collected 18 gold pieces.


Innate Abilities, Weirdness & Mutations

You are immune to sickness and miasma.
Your stone body is resilient. (AC +2)
You are immune to poison.
You resist negative energy. (rN+)
You are resistant to electric shocks. (rElec)
You are resistant to unholy torment.
You are immune to petrification.


   Skills:
 - Level 3.2 Fighting
 + Level 1.8 Axes
 - Level 1.5 Dodging
 - Level 5.4 Stealth


You couldn't memorise any spells.
You didn't know any spells.
Your spell library was empty.

Inventory:

Hand Weapons
 Y - a +0 hand axe (weapon)
Armour
 d - a +0 ring mail (worn)
Wands
 g - a wand of digging (3)
Potions
 c - a potion of heal wounds {unknown}
 f - 2 potions of haste

Dungeon Overview and Level Annotations

Branches:
Dungeon (5/15)
 Temple: D:4-7

Altars:
Makhleb

Annotations:
D:2 Sigmund


Message History

Done waiting.
402 ||| UPGRADING to +0 ring mail.
You start removing your armour.
You continue taking off your +0 leather armour. x4
You finish taking off your +0 leather armour.
You start putting on your armour.
You continue putting on your +0 ring mail. x5
You finish putting on your +0 ring mail.
412 ||| DROPPING +0 leather armour.
You drop a +0 leather armour.
413 ||| READING scroll labelled HIUME JIKOMMEF.
As you read the scroll labelled HIUME JIKOMMEF, it crumbles to dust.
It is a scroll of identify.
Really abort (and waste the scroll)?
(D) Dungeon
Where to? (* - list waypoints, Enter - D:2, ? - help)
What level of the Dungeon? (default 1, ? - help) Sigmund casts a spell at you.
The magic dart hits you!
Ouch! That really hurt!
416 ||| Stepping ~*~*~tactically~*~*~ (hiding).
You start resting.
Sigmund is nearby!
Sigmund points at you and mumbles some strange words.
You resist with significant effort. Sigmund closely misses you.
You closely miss Sigmund. You barely miss Sigmund. Sigmund barely misses you.
You hit Sigmund.
Sigmund is moderately wounded.
Sigmund points at you and mumbles some strange words.
The magic dart hits you.
You hit Sigmund.
Sigmund is moderately wounded.
Sigmund misses you.
You hit Sigmund.
Sigmund is moderately wounded.
Sigmund gestures at you while chanting. The puff of flame hits you.
You die...

#.#####+##
......@<.#
.......@.#
.......#.#
###.##.#.#
........[# #
###.###..#.#
#..........#
#.#.###.##########
#..............#
#..............#


You could see Sigmund.

Vanquished Creatures
  A bat (D:3)
1 creature vanquished.

Notes
Turn   | Place    | Note
-------+----------+-------------------------------------------
     0 | D:5      | qw the Gargoyle Delver began the quest for the Orb.
     0 | D:5      | Reached XP level 1. HP: 14/14 MP: 1/1
     0 | D:5      | 0 ||| qw: Version: 0.1-a-118-gb4e7ce6
     0 | D:5      | 0 ||| qw: Game counter: 10585
     0 | D:5      | 0 ||| qw: Always use a shield: true
     0 | D:5      | 0 ||| qw: God list: Okawaru
     0 | D:5      | 0 ||| qw: Allow faded altars: false
     0 | D:5      | 0 ||| qw: Do Orc after D:15 true
     0 | D:5      | 0 ||| qw: Do second Lair branch before Depths: true
     0 | D:5      | 0 ||| qw: Lair rune preference: random
     0 | D:5      | 0 ||| qw: Plans: Normal
     0 | D:5      | 0 ||| PLANNING D:1-11
     3 | D:5      | 3 ||| DROPPING scroll of fog.
     4 | D:5      | 4 ||| DROPPING scroll of magic mapping.
     5 | D:5      | 5 ||| DROPPING scroll of fear.
    26 | D:4      | 26 ||| FLEEEEING.
    27 | D:4      | 27 ||| FLEEEEING.
    32 | D:4      | 32 ||| STAIRDANCE
   128 | D:3      | Noticed an iron imp
   129 | D:3      | Found a burning altar of Makhleb.
   129 | D:3      | Noticed an iron imp
   129 | D:3      | Noticed an iron imp
   198 | D:2      | Noticed Sigmund
   199 | D:2      | 199 ||| Stepping ~*~*~tactically~*~*~ (hiding).
   301 | D:2      | 301 ||| Stepping ~*~*~tactically~*~*~ (hiding).
   402 | D:2      | 402 ||| UPGRADING to +0 ring mail.
   412 | D:2      | 412 ||| DROPPING +0 leather armour.
   413 | D:2      | 413 ||| READING scroll labelled HIUME JIKOMMEF.
   416 | D:2      | 416 ||| Stepping ~*~*~tactically~*~*~ (hiding).
   424 | D:2      | Killed from afar by Sigmund

Levels and vault maps discovered:
D:2:      layout_basic, serial_shops, shop_coins, uniq_sigmund
D:3:      layout_basic, demons_altar, ebering_ghost_disaster_area,
          dk_noncrumbling_3, st_stairs_3
D:4:      kennysheep_kobold_camp, layout_loops_corners, serial_shops,
          nicolae_diamond_shop
D:5:      layout_basic, interstate_on_off

Action                   || total
-------------------------++-------
Melee: Hand axe          ||    13
  Use: Scroll            ||     1
Armor: Leather armour    ||     4
Dodge: Dodged            ||     6

Table legend:
 A = Non-vault XP
 B = Vault XP
 C = Vault XP percentage of total XP
 D = Non-vault monster count
 E = Vault monster count
 F = Vault count percentage of total count
                 A         B        C        D         E       F
            +---------+---------+-------+---------+---------+-------
      Total |       1 |       0 |   0.0 |       1 |       0 |   0.0
            +---------+---------+-------+---------+---------+-------
        D:3 |       1 |       0 |   0.0 |       1 |       0 |   0.0
            +---------+---------+-------+---------+---------+-------
